 Dungeon Sprint DCSS version 0.20.1-1-g8b1a95d (webtiles) character file.

277464 groucho the Imperceptible (level 12, 67/67 HPs)
             Began as a Felid Berserker on Oct 28, 2017.
             Was a High Priest of Trog.
             Escaped with the Orb!
             The game lasted 00:18:25 (3173 turns).

groucho the Imperceptible (Felid Berserker)         Turns: 3173, Time: 00:18:26

Health: 67/67      AC:  9    Str: 13    XL:     12   Next: 72%
Magic:  13/13      EV: 45    Int:  8    God:    Trog [*****.]
Gold:   1258       SH:  0    Dex: 30    Spells: 11/11 levels left
                                        Lives:  2   Deaths: 0

rFire    . . .     SeeInvis +     - Unarmed
rCold    + . .     Gourm    .   (shield unavailable)
rNeg     . . .     Faith    .   (armour unavailable)
rPois    +         Spirit   +   (helmet unavailable)
rElec    +         Reflect  .   (cloak unavailable)
rCorr    .         Harm     .   (gloves unavailable)
MR       +....     NoTele   +   (boots unavailable)
Stlth    ++++......             d - amulet of Teattys {Spirit rElec}
Regen    0.3/turn               p - ring "Teceran" {rPois AC+5 Dex+6 Stlth+}
MPRegen  0.2/turn               j - ring of flight

@: agile, quick
A: no armour, no weapons or thrown items, stealth, claws 1, fangs 3, rugged
brown scales 1, see invisible, carnivore 3, clumsy 1, speed 1, shaggy fur 3,
slow metabolism 1, MP-powered wands, sharp paws
0: Orb of Zot
a: Berserk, Trog's Hand, Brothers in Arms, Burn Spellbooks, Renounce Religion,
Evoke Flight


You escaped.
You worshipped Trog.
Trog was extremely pleased with you.
You were full.

You visited 1 branch You collected 3520 gold pieces.
You spent 2262 gold pieces at shops.

Inventory:

Jewellery
 c - an uncursed ring of magical power
 d - the amulet of Teattys (around neck) {Spirit rElec}
   (You bought it in a shop in the Dungeon)

   [amulet of guardian spirit]

   It causes incoming damage to be split between your health and magic.
   It insulates you from electricity.
 j - a ring of flight (right paw)
 k - an uncursed ring of poison resistance
 l - an uncursed ring of fire
 p - the ring "Teceran" (left paw) {rPois AC+5 Dex+6 Stlth+}
   (You bought it in a shop in the Dungeon)

   [ring of protection]

   It affects your AC (+5).
   It affects your dexterity (+6).
   It protects you from poison.
   It makes you more stealthy.
Wands
 g - a wand of digging (4/24)
 h - a wand of random effects (15/48)
 i - a wand of scattershot (6/9)
 w - a wand of disintegration (14/24)
Scrolls
 m - a scroll of brand weapon {unknown}
 n - a scroll of vulnerability {unknown}
 q - 2 scrolls of magic mapping {unknown}
 s - 2 scrolls of identify
 t - 2 scrolls of remove curse {unknown}
Potions
 b - a potion of heal wounds
 e - 2 potions of magic
 f - a potion of berserk rage
 o - 4 potions of curing
Comestibles
 a - a meat ration
 v - 2 chunks of flesh


   Skills:
 + Level 15.3 Fighting
 * Level 20.2 Dodging
 - Level 24.5 Stealth
 + Level 15.2 Unarmed Combat


You had 11 spell levels left.
You didn't know any spells.

Dungeon Overview and Level Annotations

Branches:
Dungeon (1/1)

Altars:
Cheibriados
Dithmenos
Elyvilon
Fedhas
Gozag
Hepliaklqana
Kikubaaqudgha
Makhleb
Nemelex Xobeh
Okawaru
Qazlal
Ru
Sif Muna
Trog
Uskayaw
Vehumet
Xom
Yredelemnul
Zin
The Shining One
Jiyva
Lugonu

Shops:
D %[(=*((*(!}!*(}}=?([??

Annotations:
D Tiamat


Innate Abilities, Weirdness & Mutations

You cannot wear armour.
You are incapable of wielding weapons or throwing items.
Your paws allow you to move quietly. (Stealth)
You have sharp claws.
You have razor-sharp teeth.
You have supernaturally acute eyesight. (SInv)
You are carnivorous and can eat meat at any time.
You cover ground quickly.
Your thick and shaggy fur keeps you warm. (AC +3, rC+)
You have a slow metabolism.
Your sharp claws are effective at attacking unaware monsters.
You are partially covered in rugged brown scales. (AC +1, +3% HP)
You are clumsy. (Dex -2)
You expend magic power (3 MP) to strengthen your wands.


Message History

Really walk into a travel-excluded area? [Y]es or [N]o only, please.
Really walk into a travel-excluded area?
There is an open door here.
There is an open door here.
Your extra speed is starting to run out.
There is an open door here.
There is an open door here.
There is an open door here.
Things that are here:
a scythe; a robe
There is an open door here.
You feel yourself slow down.
You see here a giant spiked club.
There is an open door here.
There is an open door here.
There is a staircase leading out of the dungeon here.
It was a potion of agility.
You feel agile all of a sudden.
You have escaped!

##################
#@.#..'..#.)'..#__
#..').#.)'..#..'..
#..#####'#####'#__
#..####..#...#.###
#..#__####..##.#≈§
#..#_____##'#..'§§
#⌠⌠#_.∩...'..._#§§
####_..__##_.#'##+
#_____###'#.#)%


There were no monsters in sight!

Vanquished Creatures
  A golden dragon (D)
  A shadow dragon (D)
  3 fire giants (D)
  A lorocyproca (D)
  A hydra (D)
  2 centaur warriors (D)
  Sonja (D)
  7 unseen horrors (D)
  A deep troll (D)
  A lindwurm (D)
  An oklob plant (D)
  A gargoyle (D)
  2 kobold demonologists (D)
  A demonic crawler (D)
  A meliai (D)
  A hornet (D)
  A slime creature (D)
  Sigmund (D)
  A redback (D)
  A yak (D)
  4 hogs (D)
  3 floating eyes (D)
  7 necrophages (D)
  An ogre (D)
  8 jellies (D)
  Ijyb (D)
  A ballistomycete (D)
55 creatures vanquished.

Vanquished Creatures (collateral kills)
  A fire giant (D)
  A daeva (D)
  8 shining eyes (D)
  3 demonic crawlers (D)
  A redback (D)
  7 hogs (D)
  4 floating eyes (D)
25 creatures vanquished.

Vanquished Creatures (others)
  A monstrous demonspawn (D)
  A gargoyle (D)
  2 hogs (D)
  2 ballistomycete spores (D)
6 creatures vanquished.

Grand Total: 86 creatures vanquished

Notes
Turn   | Place    | Note
-------+----------+-------------------------------------------
     0 | D        | groucho the Felid Berserker began the quest for the Orb.
     0 | D        | Reached XP level 1. HP: 10/10 MP: 2/2
     2 | D        | Noticed Ijyb
     7 | D        | Killed Ijyb
     7 | D        | Reached skill level 8 in Stealth
     7 | D        | Reached XP level 2. HP: 14/14 MP: 3/3
   127 | D        | Noticed an ogre
   129 | D        | Killed an ogre
   129 | D        | Reached skill level 12 in Stealth
   129 | D        | Reached XP level 3. HP: 17/17 MP: 4/4
   129 | D        | Reached XP level 4. HP: 21/21 MP: 5/5
   148 | D        | Noticed Sigmund
   154 | D        | Killed Sigmund
   154 | D        | Reached ** piety under Trog
   154 | D        | Reached skill level 16 in Stealth
   154 | D        | Reached XP level 5. HP: 24/24 MP: 6/6
   233 | D        | Found a deep blue altar of Sif Muna.
   235 | D        | Found a radiant altar of Vehumet.
   239 | D        | Gained mutation: You are covered in thick fur. (AC +2) [Felid growth]
   239 | D        | Reached XP level 6. HP: 28/28 MP: 7/7
   277 | D        | Found Vulyiphocoekk's Jewellery Emporium.
   277 | D        | Found an ancient bone altar of Kikubaaqudgha.
   277 | D        | Found a hazy altar of Hepliaklqana.
   277 | D        | Found a stormy altar of Qazlal.
   277 | D        | Found a hide-covered altar of Uskayaw.
   277 | D        | Found a blossoming altar of Fedhas.
   277 | D        | Found a bloodstained altar of Trog.
   277 | D        | Found an iron altar of Okawaru.
   277 | D        | Found a basalt altar of Yredelemnul.
   277 | D        | Found a glowing golden altar of the Shining One.
   277 | D        | Found a snail-covered altar of Cheibriados.
   277 | D        | Found a sacrificial altar of Ru.
   277 | D        | Found a glowing silver altar of Zin.
   277 | D        | Found a shadowy altar of Dithmenos.
   277 | D        | Found a white marble altar of Elyvilon.
   277 | D        | Noticed a yak
   278 | D        | Found an opulent altar of Gozag.
   279 | D        | Killed a yak
   279 | D        | Reached skill level 18 in Stealth
   280 | D        | Found a sparkling altar of Nemelex Xobeh.
   304 | D        | Found a burning altar of Makhleb.
   304 | D        | Found a shimmering altar of Xom.
   304 | D        | Noticed a slime creature
   305 | D        | Found a viscous altar of Jiyva.
   305 | D        | Found a corrupted altar of Lugonu.
   307 | D        | Killed a slime creature
   307 | D        | Reached *** piety under Trog
   307 | D        | Reached skill level 5 in Dodging
   307 | D        | Reached XP level 7. HP: 32/32 MP: 8/8
   334 | D        | Noticed a centaur warrior
   334 | D        | Noticed a centaur warrior
   335 | D        | Killed a centaur warrior
   335 | D        | Reached skill level 19 in Stealth
   335 | D        | Reached XP level 8. HP: 39/39 MP: 9/9
   336 | D        | Killed a centaur warrior
   336 | D        | Reached skill level 10 in Dodging
   336 | D        | Reached skill level 20 in Stealth
   348 | D        | Noticed a hornet
   351 | D        | Killed a hornet
   351 | D        | Reached XP level 9. HP: 44/44 MP: 10/10
   362 | D        | Noticed an oklob plant
   371 | D        | Killed an oklob plant
   371 | D        | Reached **** piety under Trog
   917 | D        | Reached skill level 21 in Stealth
   927 | D        | Noticed an unseen horror
   934 | D        | Noticed an unseen horror
  1201 | D        | Killed an unseen horror
  1210 | D        | Killed an unseen horror
  1210 | D        | Reached XP level 10. HP: 51/51 MP: 11/11
  1408 | D        | Reached skill level 10 in Fighting
  1408 | D        | Reached skill level 10 in Unarmed Combat
  1412 | D        | Reached ***** piety under Trog
  1672 | D        | Found Ehemoar's Assorted Antiques.
  1672 | D        | Found Qithoysk's Antique Weapon Shop.
  1672 | D        | Found Gecuikigg's Antique Weapon Boutique.
  1674 | D        | Found Pularud Jank's Distillery.
  1674 | D        | Found Ubuloupo's Gadget Shop.
  1674 | D        | Found Rashoeva's Distillery.
  1674 | D        | Found Jiefuaw's Assorted Antiques.
  1674 | D        | Found Fuentuopn's Antique Weapon Emporium.
  1674 | D        | Found Amakh's Gadget Shop.
  1674 | D        | Found Uniohip's Gadget Shoppe.
  1678 | D        | Found Hajary's Jewellery Boutique.
  1679 | D        | Found Nyaciurr's Antique Weapon Emporium.
  1679 | D        | Found Cudd's Magic Scroll Boutique.
  1680 | D        | Found Ulier's Magic Scroll Emporium.
  1686 | D        | Bought a wand of digging (7/24) for 220 gold pieces
  1694 | D        | Bought an uncursed ring of flight for 210 gold pieces
  1718 | D        | Bought a twitching pewter amulet for 110 gold pieces
  1726 | D        | Bought a scroll of identify for 24 gold pieces
  1726 | D        | Identified the amulet of Teattys {Spirit rElec} (You bought it in a shop in the Dungeon)
  1778 | D        | Bought an uncursed ring of poison resistance for 240 gold pieces
  1778 | D        | Bought an uncursed ring of fire for 300 gold pieces
  1929 | D        | Noticed a deep troll
  1931 | D        | Killed a deep troll
  1943 | D        | Found Faessel's Armour Emporium.
  1960 | D        | Noticed Sonja
  1963 | D        | Killed Sonja
  1963 | D        | Reached ****** piety under Trog
  1963 | D        | Reached skill level 22 in Stealth
  2022 | D        | Found Suivvahu's Food Boutique.
  2030 | D        | Bought a meat ration for 70 gold pieces
  2030 | D        | Bought a meat ration for 70 gold pieces
  2040 | D        | Noticed a shining eye
  2040 | D        | Noticed a shining eye
  2040 | D        | Noticed a shining eye
  2040 | D        | Noticed a shining eye
  2040 | D        | Noticed a shining eye
  2040 | D        | Noticed a shining eye
  2042 | D        | Killed a shining eye
  2042 | D        | Gained mutation: You expend magic power (3 MP) to strengthen your wands. [a shining eye]
  2043 | D        | Killed a shining eye
  2044 | D        | Killed a shining eye
  2045 | D        | Noticed a shining eye
  2045 | D        | Noticed a shining eye
  2046 | D        | Killed a shining eye
  2046 | D        | Gained mutation: You are clumsy. (Dex -2) [a shining eye]
  2047 | D        | Killed a shining eye
  2049 | D        | Killed a shining eye
  2049 | D        | Gained mutation: You are partially covered in rugged brown scales. (AC +1, +3% HP) [a shining eye]
  2051 | D        | Killed a shining eye
  2051 | D        | Killed a shining eye
  2058 | D        | Found Jaaruef's General Store.
  2058 | D        | Found Cylar's Armour Shoppe.
  2058 | D        | Found Zoushuh's Antique Weapon Boutique.
  2058 | D        | Found Zeol's Weapon Emporium.
  2073 | D        | Killed a gargoyle
  2078 | D        | Bought a potion of curing for 39 gold pieces
  2124 | D        | Reached XP level 11. HP: 58/58 MP: 12/12
  2130 | D        | Reached skill level 15 in Dodging
  2140 | D        | Reached skill level 23 in Stealth
  2290 | D        | Noticed a lorocyproca
  2296 | D        | Killed a lorocyproca
  2405 | D        | Noticed a lindwurm
  2407 | D        | Killed a lindwurm
  2435 | D        | Noticed a 12-headed hydra
  2437 | D        | Killed a 12-headed hydra
  2504 | D        | Noticed a shadow dragon
  2505 | D        | Noticed a golden dragon
  2506 | D        | Killed a shadow dragon
  2506 | D        | Reached skill level 24 in Stealth
  2507 | D        | Killed a golden dragon
  2507 | D        | Gained mutation: Your thick and shaggy fur keeps you warm. (AC +3, rC+) [Felid growth]
  2507 | D        | Reached XP level 12. HP: 65/65 MP: 13/13
  2579 | D        | Found Asumo's Magic Scroll Shoppe.
  2691 | D        | Bought the ring "Teceran" {rPois AC+5 Dex+6 Stlth+} for 979 gold pieces
  2784 | D        | Noticed a daeva
  2795 | D        | Killed a daeva
  2899 | D        | Identified the Almanac of the Twisted Birds
  2928 | D        | Noticed a fire giant
  2930 | D        | Noticed a fire giant
  2949 | D        | Killed a fire giant
  2956 | D        | Killed a fire giant
  2992 | D        | Noticed a fire giant
  2998 | D        | Noticed a fire giant
  3029 | D        | Killed a fire giant
  3029 | D        | Reached skill level 15 in Fighting
  3029 | D        | Reached skill level 15 in Unarmed Combat
  3071 | D        | Killed a fire giant
  3099 | D        | Noticed Tiamat
  3101 | D        | Got the Orb of Zot
  3148 | D        | Killed a monstrous demonspawn
  3173 | D        | Escaped with the Orb!

Skill      XL: |  1  2  3  4  5  6  7  8  9 10 11 12 |
---------------+-------------------------------------+-----
Stealth        | 8 12 16 18 19 20 21 22 24 | 24.5
Fighting       | 4 6 8 9 11 14 15 | 15.3
Dodging        | 5 8 10 12 14 17 20 | 20.2
Unarmed Combat | 4 6 8 9 11 14 15 | 15.2

Action                   |  1- 3 |  4- 6 |  7- 9 | 10-12 || total
-------------------------+-------+-------+-------+-------++-------
Melee: Unarmed           |     5 |     7 |    43 |    87 ||   142
       Bite              |       |       |     8 |    12 ||    20
       Punch             |       |       |     4 |     8 ||    12
Invok: Berserk           |     1 |     1 |     4 |     6 ||    12
       Brothers in Arms  |       |       |     2 |    17 ||    19
       Trog's Hand       |       |       |     1 |     3 ||     4
 Abil: Evoke Flight      |       |       |       |     1 ||     1
Evoke: Wand              |       |       |       |     3 ||     3
  Use: Scroll            |       |       |     1 |     3 ||     4
       Potion            |       |       |     3 |     2 ||     5
 Stab: Sleeping          |     1 |     3 |     4 |    17 ||    25
       Confused          |       |       |       |     3 ||     3
  Eat: Chunk             |       |     8 |     1 |    10 ||    19
       Meat ration       |       |       |       |     2 ||     2
Armor: Skin              |       |       |     1 |     3 ||     4
Dodge: Dodged            |     2 |     1 |    54 |   129 ||   186
